Map: Terraform LE (Void)

Players

RepMeaSt (Semper) - Winner!

  • Race: Terran Terran
  • League: Master

EnDerr

  • Race: Zerg Zerg
  • League: Master

Event: ASL Season 5 Prime League LOTV Beta

VOD

Have the link to the VOD?

Description

Time

  • Played on: Sept. 9, 2015, 8:24 p.m.
  • Length: 15:19

All games in this series

Show
View Real Time Build Order
Export as new Build Order

RepMeaSt Terran - Winner!

Build Orders: 1 Rax Expand, Liberator Opening, Bio Mine, Hellbat Liberator 

Get SALT Encoding   

  12  0:01  SCV  
  13  0:13  SCV  
  14  0:17  Supply Depot  
  14  0:25  SCV  
  15  0:39  SCV  
  15  0:41  Barracks  
  16  0:44  Refinery  
  16  0:51  SCV  
  17  1:03  SCV  
  18  1:16  SCV  
  19  1:27  Barracks Reactor  
  19  1:28  Orbital Command  
  19  1:41  Command Center  
  19  1:54  Supply Depot, SCV  
  20  2:04  Marine x2  
  20  2:06  SCV  
  23  2:13  Factory  
  23  2:18  SCV  
  23  2:22  Marine x2  
  26  2:30  SCV, Refinery  
  27  2:42  SCV, Marine x2  
  30  2:54  SCV, Orbital Command  
  31  3:00  Starport  
  31  3:06  Hellion  
  31  3:07  SCV  
  31  3:11  Hellion  
  36  3:19  SCV  
  37  3:20  SCV, Liberator  
  38  3:31  SCV, Hellion  
  38  3:32  Hellion  
  38  3:33  Supply Depot  
  46  3:42  Armory  
  46  3:44  Barracks Tech Lab  
  46  3:54  SCV x2  
  48  3:56  Supply Depot  
  48  3:59  Hellion  
  36  4:10  SCV, Liberator  
  48  4:14  Hellion  
  49  4:21  SCV  
  48  4:26  SCV  
  48  4:28  Stimpack, Marine  
  51  4:33  SCV  
  52  4:40  Command Center, Bunker  
  52  4:45  Barracks  
  52  4:47  SCV  
  52  4:48  Barracks  
  52  4:52  Liberator  
  53  4:55  Engineering Bay  
  53  5:01  SCV, Marine  
  53  5:02  Engineering Bay  
  55  5:10  Factory Reactor  
  55  5:12  SCV  
  59  5:15  Hellion x2  
  59  5:19  Marine  
  60  5:23  SCV  
  60  5:24  Missile Turret  
  60  5:25  SCV, Refinery  
  60  5:27  Supply Depot  
  62  5:30  Missile Turret x2  
  62  5:35  Missile Turret  
  62  5:43  Terran Infantry Weapons Level 1, Terran Infantry Armor Level 1  
  62  5:48  SCV x2, Marine x2  
  66  5:57  Factory Reactor, Starport Reactor  
  67  5:59  Marine x2  
  67  6:00  Marine  
  67  6:01  SCV x2  
  72  6:04  Orbital Command  
  72  6:06  Marine  
  72  6:13  SCV  
  72  6:15  Marine  
  72  6:17  Refinery, Liberator  
  72  6:18  SCV  
  75  6:21  Liberator  
  75  6:22  Marine  
  75  6:25  SCV  
  76  6:29  Marine  
  76  6:31  SCV  
  78  6:34  Barracks x2  
  78  6:37  Missile Turret  
  84  6:42  Supply Depot, Orbital Command  
  84  6:47  Marine x5  
  84  6:50  SCV  
  84  6:53  Combat Shields  
  90  6:55  SCV  
  91  7:02  SCV  
  91  7:05  Marine x5  
  91  7:07  SCV  
  98  7:15  SCV x2  
  100  7:17  Refinery  
  100  7:18  Bunker, Medivac  
  100  7:19  Supply Depot  
  100  7:21  SCV, Medivac  
  104  7:24  Barracks Reactor x2  
  104  7:25  Widow Mine x2  
  108  7:32  SCV  
  108  7:35  SCV  
  108  7:36  Missile Turret  
  108  7:37  SCV  
  109  7:42  Marine x4  
  112  7:44  SCV  
  112  7:47  SCV  
  112  7:49  SCV  
  112  7:50  Supply Depot  
  115  7:52  Supply Depot  
  115  7:55  Medivac  
  117  8:03  Widow Mine  
  117  8:04  Widow Mine  
  117  8:08  Marine x4  
  117  8:09  Marine  
  117  8:12  SCV  
  114  8:13  SCV x2  
  114  8:19  Command Center  
  115  8:23  Terran Infantry Weapons Level 2, Terran Infantry Armor Level 2  
  115  8:24  Marauder, Marine x3  
  115  8:26  SCV  
  121  8:27  Medivac  
  121  8:32  Medivac  
  121  8:33  Marine x2  
  127  8:36  Bunker  
  127  8:37  Marine  
  127  8:38  SCV x2  
  127  8:40  SCV  
  130  8:43  Missile Turret  
  130  8:44  Supply Depot  
  130  8:55  Marine  
  130  8:58  Marine x2  
  133  9:06  Marine x6  
  133  9:07  Medivac  
  141  9:13  Marine  
  141  9:16  Marine x2  
  137  9:24  Marine x3  
  126  9:27  Marine x3  
  126  9:31  Barracks, Marine  
  124  9:33  Refinery, Barracks x2  
  124  9:34  Factory, Marine x2  
  126  9:41  Marine  
  126  9:42  Marine  
  126  9:43  Marine  
  131  9:45  Marauder  
  131  9:47  Widow Mine x2  
  131  9:48  Medivac x2  
  131  9:49  Marine x3  
  131  9:50  SCV x2  
  144  10:00  Marine  
  144  10:01  Marine x3  
  144  10:04  SCV x2  
  150  10:12  Marine x5  
  155  10:16  Supply Depot x2, SCV  
  156  10:22  Planetary Fortress  
  156  10:26  Barracks Reactor, Barracks Tech Lab, Liberator x2  
  156  10:30  Factory Tech Lab  
  134  10:44  Widow Mine x2  
  134  10:46  Barracks Reactor  
  134  10:47  Marauder, Marine  
  134  10:49  Starport  
  147  10:50  Missile Turret  
  147  10:53  Command Center  
  147  10:57  Marine x8  
  146  11:02  Terran Infantry Weapons Level 3  
  154  11:05  Marine  
  154  11:09  Marine x2, Marauder  
  147  11:13  Widow Mine  
  147  11:14  Marine, Drilling Claws, Widow Mine  
  147  11:15  Marauder, Widow Mine, Marine x6  
  147  11:18  Liberator x2  
  162  11:23  Marine  
  162  11:24  Marine x2  
  165  11:27  Marine x2  
  165  11:29  Marine  
  165  11:32  Marine  
  168  11:33  Marine x4  
  179  11:44  Marine  
  180  11:49  Marine  
  180  11:50  Marine  
  180  11:51  Widow Mine  
  177  11:56  Marine  
  178  12:03  Medivac  
  178  12:06  Widow Mine x2  
  184  12:14  Refinery x2  
  184  12:18  Medivac x2  
  184  12:20  Widow Mine, Marine x10  
  200  12:26  Terran Infantry Armor Level 3  
  200  12:29  Terran Vehicle And Ship Armor Level 1  
  200  12:30  Command Center  
  199  12:54  Marine  
  199  12:55  Planetary Fortress  
  179  13:06  Liberator  
  179  13:11  Marauder, Marine  
  175  13:14  Medivac  
  143  13:25  Marine x12  
  143  13:26  Widow Mine  
  143  13:27  Widow Mine x2  
  143  13:28  Medivac, Liberator  
  143  13:29  Marine  
  143  13:33  Marauder  
  150  13:34  Missile Turret  
  150  13:41  Liberator  
  150  13:42  Marine  
  150  13:43  Marauder, Marine x5  
  150  13:44  Marine x5  
  150  13:45  Missile Turret  
  150  13:46  Marine  
  167  13:49  Liberator  
  167  13:54  Marauder  
  167  13:55  Widow Mine x3  
  168  14:00  Marine x3  
  168  14:01  Marine  
  179  14:05  Marauder  
  179  14:07  Marine x2  
  176  14:11  Marine x6  
  176  14:15  Marine  
  164  14:18  Marine x4  
  164  14:23  Widow Mine  
  164  14:24  Widow Mine x2  
  168  14:25  Marine x2  
  168  14:26  Marauder  
  168  14:28  Orbital Command, Medivac  
  168  14:29  Marine x6  
  182  14:33  Marauder  
  182  14:36  Marine x4  
  185  14:41  Medivac  
  185  14:43  Marine x2  
  189  14:46  Marine  
  189  14:48  Marauder  
  189  14:49  Medivac  
  189  14:50  Marine  
  188  14:55  Marauder  
Show
View Real Time Build Order
Export as new Build Order

EnDerr Zerg 

Build Orders: Hatch First, Muta Ling Bane 

Get SALT Encoding   

  12  0:01  Drone  
  13  0:11  Drone  
  14  0:18  Overlord  
  14  0:26  Overlord  
  14  0:36  Drone x2  
  16  0:44  Drone  
  17  0:59  Hatchery  
  16  1:14  Spawning Pool  
  16  1:16  Extractor  
  16  1:18  Drone  
  15  1:22  Drone  
  16  1:28  Drone  
  16  1:32  Drone  
  18  1:43  Overlord  
  18  2:00  Drone, Queen  
  21  2:02  Zergling x2  
  22  2:11  Queen  
  22  2:12  Drone  
  25  2:16  Drone  
  25  2:21  Metabolic Boost  
  26  2:24  Drone  
  26  2:27  Drone  
  28  2:34  Drone x2  
  30  2:41  Queen  
  32  2:46  Drone  
  32  2:55  Drone  
  32  2:56  Drone  
  32  2:57  Lair  
  34  3:00  Drone  
  34  3:05  Drone x2  
  37  3:09  Drone x2  
  37  3:11  Drone  
  40  3:18  Drone x2  
  40  3:19  Drone  
  43  3:21  Extractor  
  43  3:22  Overlord  
  43  3:26  Drone  
  43  3:34  Spine Crawler  
  43  3:35  Drone  
  43  3:36  Drone  
  44  3:44  Overlord  
  44  3:45  Overlord  
  44  3:52  Extractor  
  44  3:54  Drone  
  44  3:55  Drone x3, Extractor  
  45  4:01  Spire  
  44  4:04  Drone x2  
  44  4:06  Drone x2  
  44  4:10  Drone  
  44  4:16  Drone  
  45  4:26  Drone x3  
  45  4:30  Drone  
  45  4:31  Drone x3  
  51  4:35  Drone  
  52  4:44  Overlord  
  52  4:58  Overlord  
  52  5:05  Hatchery  
  49  5:14  Mutalisk x6  
  60  5:26  Drone x3  
  63  5:29  Drone x2  
  63  5:32  Roach Warren  
  63  5:33  Evolution Chamber  
  63  5:40  Drone x4  
  67  5:49  Drone  
  68  5:57  Overlord  
  68  6:00  Drone x4  
  68  6:01  Drone  
  68  6:04  Zerg Missile Weapons Level 1  
  73  6:11  Glial Reconstitution  
  73  6:13  Roach x2  
  73  6:14  Roach  
  73  6:15  Roach  
  73  6:18  Overlord  
  81  6:22  Roach  
  83  6:27  Drone x2  
  83  6:28  Drone x2, Overlord  
  83  6:29  Overlord  
  83  6:31  Roach x2  
  91  6:35  Roach  
  91  6:39  Drone  
  94  6:41  Evolution Chamber  
  94  6:44  Roach x2  
  97  6:49  Roach x3  
  103  6:55  Drone  
  103  6:56  Baneling Nest  
  103  7:01  Roach  
  103  7:02  Roach x3  
  103  7:03  Drone  
  112  7:09  Roach x3  
  112  7:10  Hatchery  
  112  7:12  Zerg Melee Weapons Level 1  
  112  7:14  Mutalisk x2  
  121  7:25  Drone  
  121  7:26  Overlord x3  
  122  7:38  Overlord x2  
  122  7:39  Overlord x2  
  118  7:53  Centrifical Hooks  
  118  7:58  Zerg Ground Armor Level 1  
  110  8:10  Zergling x2  
  110  8:11  Zergling x20  
  101  8:15  Zergling x2  
  101  8:17  Roach x6  
  102  8:21  Drone  
  102  8:22  Overlord  
  102  8:23  Queen  
  105  8:29  Roach x4  
  105  8:31  Roach  
  115  8:35  Corruptor, Extractor  
  115  8:36  Corruptor x2  
  115  8:37  Corruptor  
  115  8:40  Corruptor x2  
  125  8:54  Drone x2  
  125  8:55  Baneling  
  126  8:56  Baneling x7  
  126  8:57  Zergling x2  
  126  8:58  Zergling x16  
  126  9:01  Roach  
  135  9:03  Roach  
  135  9:07  Zergling x2  
  135  9:08  Overseer  
  135  9:09  Roach x2  
  140  9:11  Zergling x2  
  140  9:15  Zergling x2  
  140  9:16  Zergling x2  
  131  9:17  Zergling x2  
  131  9:18  Zergling x2  
  124  9:24  Zergling x2  
  120  9:40  Baneling x3  
  120  9:41  Hatchery, Corruptor, Baneling x7  
  120  9:43  Zergling x6  
  120  9:44  Zergling x4  
  126  9:49  Zergling x2  
  126  9:52  Zerg Melee Weapons Level 2  
  127  10:03  Infestation Pit  
  127  10:04  Queen  
  127  10:06  Drone x2  
  130  10:08  Zergling x2  
  130  10:09  Zergling x12  
  130  10:13  Baneling x2  
  130  10:14  Baneling x5  
  137  10:16  Zergling x4  
  137  10:19  Zergling x4  
  141  10:24  Zergling x2  
  142  10:30  Zergling x2  
  142  10:31  Zergling x2  
  142  10:33  Zergling x2  
  142  10:34  Zergling x4  
  134  10:44  Roach  
  134  10:45  Roach x7  
  134  10:48  Pathogen Glands  
  150  10:54  Hive  
  150  10:58  Drone x2  
  148  11:07  Zergling x2  
  148  11:08  Zergling x4  
  148  11:09  Zergling x4  
  147  11:18  Drone x4, Extractor  
  149  11:20  Extractor  
  149  11:25  Zergling x4  
  150  11:26  Zergling x8  
  150  11:27  Zergling x2  
  150  11:32  Zergling x2  
  156  11:33  Zergling x4  
  156  11:36  Hatchery  
  150  11:59  Hatchery, Infestor x5  
  159  12:02  Baneling x6  
  159  12:05  Pneumatized Carapace  
  159  12:12  Drone x2  
  159  12:15  Overlord x3  
  161  12:23  Adrenal Glands  
  159  12:34  Zerg Melee Weapons Level 3  
  157  12:48  Zergling x8  
  157  12:49  Zergling x6  
  157  12:50  Baneling x4  
  157  12:51  Baneling x3  
  163  13:01  Zergling x6  
  163  13:02  Corruptor  
  168  13:07  Greater Spire  
  168  13:11  Zergling x2  
  161  13:18  Zergling x2  
  125  13:21  Infestor x2  
  125  13:27  Roach  
  125  13:28  Roach x2, Zergling x2  
  125  13:29  Zergling x6  
  125  13:33  Queen  
  137  13:35  Drone x2, Extractor  
  137  13:36  Drone x2, Extractor  
  137  13:39  Baneling x6  
  139  13:46  Zergling x12, Extractor  
  139  13:55  Overseer  
  129  13:57  Zergling x2  
  129  13:58  Zergling x2  
  129  14:04  Zergling x4  
  129  14:05  Zergling x2  
  119  14:10  Zergling x2  
  119  14:11  Zergling x6  
  119  14:12  Zergling x2  
  119  14:17  Drone x2  
  119  14:18  Drone x9  
  134  14:31  Brood Lord  
  134  14:33  Baneling  
  134  14:34  Baneling x5  
  132  14:40  Baneling x2  
  132  14:41  Infestor x2, Baneling x2  
  132  14:43  Zergling x2  
  132  14:44  Zergling x2  
  132  14:45  Zergling x4  
  134  14:46  Zergling x2  
  134  14:48  Zergling x2  
  113  14:53  Zergling x4  
  113  14:54  Zergling x4  
Tags
 
Add a new tag
Caveats
  • Supply blocks, unpowered buildings, or Contaminate may cause inaccurate times.
  • Supply counts are checked every 10 seconds.